[ AOE2 MATCH · #465097273 ]
Team RMTurks vs Tupi
[ REPLAY ANALYSIS · EXTRACTED FROM THE RECORDED GAME ]
Feudal
12:47
Castle
16:45
Imperial
20:48
| APM avg | 35.3 |
| APM peak | 105 |
| eAPM avg | 15.0 |
| Villagers / military | 47 / 23 |
Focus
⚔️ 22.7% · 🌾 77.3%
Bombard Cannon ×23 · Unknown (1105) ×2
Feudal
10:57
Castle
14:32
Imperial
—
| APM avg | 50.1 |
| APM peak | 120 |
| eAPM avg | 13.3 |
| Villagers / military | 64 / 27 |
Focus
⚔️ 15.9% · 🌾 84.1%
Knight ×25 · Monk ×1 · Spearman ×1
Feudal
—
Castle
—
Imperial
—
| APM avg | 25.3 |
| APM peak | 72 |
| eAPM avg | 13.6 |
| Villagers / military | 72 / 31 |
Focus
⚔️ 28.1% · 🌾 71.9%
Kamayuk ×29 · Petard ×2
Feudal
13:32
Castle
17:09
Imperial
—
| APM avg | 39.2 |
| APM peak | 79 |
| eAPM avg | 17.3 |
| Villagers / military | 109 / 45 |
Focus
⚔️ 27.4% · 🌾 72.6%
Conquistador ×42 · Mangonel ×3
Feudal
11:33
Castle
15:37
Imperial
—
| APM avg | 35.5 |
| APM peak | 55 |
| eAPM avg | 21.0 |
| Villagers / military | 105 / 25 |
Focus
⚔️ 31.8% · 🌾 68.2%
Battering Ram ×12 · Scorpion ×9 · Monk ×2 · Mangonel ×2
Feudal
11:40
Castle
15:35
Imperial
21:53
| APM avg | 27.6 |
| APM peak | 75 |
| eAPM avg | 14.4 |
| Villagers / military | 57 / 9 |
Focus
⚔️ 16.5% · 🌾 83.5%
Mangonel ×4 · Bombard Cannon ×3 · Petard ×1 · Genoese Crossbowman ×1
Feudal
12:11
Castle
15:47
Imperial
—
| APM avg | 57.2 |
| APM peak | 97 |
| eAPM avg | 34.8 |
| Villagers / military | 56 / 57 |
Focus
⚔️ 35.7% · 🌾 64.3%
Arambai ×57
Feudal
10:56
Castle
14:37
Imperial
—
| APM avg | 22.9 |
| APM peak | 68 |
| eAPM avg | 12.6 |
| Villagers / military | 43 / 3 |
Focus
⚔️ 27.4% · 🌾 72.6%
Unknown (2579) ×9 · Spearman ×2 · Mangonel ×1
Match map
Initial resources + every placement click. Lines = walls · curves = elevation contours. ◆ gold · ⬟ stone · ● berries · ✦ relic · ◌ wall gap
Inputs per minute
— What's bro yappin about? - - LeBronLames
Build order — What's bro yappin about?
113 actions detected in the replay
| 0:01 | Create | Villager (Male) ×4 |
| 0:02 | Build | House |
| 0:04 | Build | House |
| 1:27 | Create | Villager (Male) |
| 1:44 | Build | Lumber Camp |
| 2:14 | Create | Villager (Male) |
| 2:14 | Create | Villager (Male) |
| 2:18 | Create | Villager (Male) |
| 2:19 | Create | Villager (Male) |
| 2:55 | Create | Villager (Male) |
| 3:13 | Create | Villager (Male) |
| 3:14 | Create | Villager (Male) |
| 3:42 | Create | Villager (Male) |
| 3:43 | Create | Villager (Male) |
| 4:00 | Build | House |
| 4:01 | Build | House |
| 4:16 | Create | Villager (Male) |
| 4:28 | Build | Mill |
| 4:34 | Create | Villager (Male) |
| 4:34 | Create | Villager (Male) |
| 5:02 | Create | Villager (Male) |
| 5:02 | Create | Villager (Male) |
| 5:21 | Build | House |
| 5:55 | Create | Villager (Male) |
| 5:55 | Create | Villager (Male) |
| 6:08 | Create | Villager (Male) |
| 6:22 | Create | Villager (Male) |
| 6:38 | Build | Farm |
| 6:54 | Create | Villager (Male) |
| 6:56 | Build | Farm |
| 7:08 | Create | Villager (Male) |
| 7:33 | Create | Villager (Male) |
| 7:49 | Create | Villager (Male) |
| 7:56 | Build | Farm |
| 8:09 | Build | Farm |
| 8:35 | Build | Farm |
| 8:58 | Create | Villager (Male) |
| 8:58 | Create | Villager (Male) |
| 8:59 | Create | Villager (Male) |
| 9:02 | Build | Mining Camp |
| 9:29 | Build | Farm |
| 9:32 | Build | Farm |
| 9:38 | Build | Farm |
| 10:15 | Research | Feudal Age |
| 11:19 | Build | House |
| 12:15 | Create | Villager (Male) |
| 12:16 | Create | Villager (Male) |
| 12:47 | Age | Feudal Age |
| 12:49 | Build | Market |
| 12:52 | Build | Blacksmith |
| 13:18 | Research | Double-Bit Axe |
| 13:20 | Research | Gold Mining |
| 13:36 | Create | Villager (Male) |
| 13:56 | Research | Castle Age |
| 14:05 | Research | Castle Age |
| 14:10 | Build | Mining Camp |
| 14:32 | Research | Horse Collar |
| 16:11 | Create | Villager (Male) |
| 16:11 | Create | Villager (Male) |
| 16:45 | Age | Castle Age |
| 16:53 | Build | Siege Workshop |
| 17:04 | Build | Monastery |
| 17:38 | Research | Imperial Age |
| 17:38 | Research | Imperial Age |
| 17:54 | Build | Siege Workshop |
| 18:29 | Build | House |
| 18:31 | Build | House |
| 18:35 | Research | Bow Saw |
| 18:56 | Build | House |
| 19:33 | Build | House |
| 20:06 | Build | House |
| 20:41 | Build | Siege Workshop |
| 20:48 | Age | Imperial Age |
| 20:49 | Create | Bombard Cannon |
| 20:49 | Create | Bombard Cannon |
| 20:50 | Create | Bombard Cannon |
| 20:51 | Create | Villager (Male) |
| 20:51 | Create | Villager (Male) |
| 21:05 | Create | Bombard Cannon |
| 22:00 | Create | Bombard Cannon |
| 22:01 | Create | Bombard Cannon |
| 22:02 | Create | Villager (Male) |
| 22:12 | Create | Unit 1105 |
| 22:18 | Create | Bombard Cannon |
| 22:18 | Create | Bombard Cannon |
| 22:21 | Build | House |
| 22:22 | Create | Villager (Male) |
| 22:31 | Build | Lumber Camp |
| 23:00 | Create | Unit 1105 |
| 23:10 | Create | Bombard Cannon |
| 23:10 | Create | Bombard Cannon |
| 23:10 | Create | Bombard Cannon |
| 23:11 | Create | Villager (Male) |
| 23:11 | Create | Villager (Male) |
| 23:47 | Create | Bombard Cannon |
| 23:47 | Create | Bombard Cannon |
| 23:48 | Create | Villager (Male) |
| 23:48 | Create | Villager (Male) |
| 23:49 | Create | Villager (Male) |
| 24:50 | Create | Bombard Cannon |
| 24:50 | Create | Bombard Cannon |
| 25:51 | Create | Bombard Cannon |
| 25:51 | Create | Bombard Cannon |
| 25:52 | Create | Bombard Cannon |
| 25:53 | Create | Villager (Male) |
| 26:27 | Create | Bombard Cannon |
| 26:28 | Create | Bombard Cannon |
| 26:41 | Research | Loom |
| 27:54 | Create | Bombard Cannon |
| 27:54 | Create | Bombard Cannon |
| 27:54 | Create | Bombard Cannon |
| 28:01 | Create | Villager (Male) |
| 28:01 | Create | Villager (Male) |
Build order — LeBronLames
First 150 of 192 actions detected
| 0:02 | Create | Villager (Male) |
| 0:02 | Create | Villager (Male) |
| 0:03 | Build | House |
| 0:04 | Build | House |
| 0:09 | Create | Villager (Male) |
| 0:12 | Create | Villager (Male) |
| 1:26 | Create | Villager (Male) |
| 1:26 | Create | Villager (Male) |
| 1:47 | Build | Lumber Camp |
| 1:55 | Create | Villager (Male) |
| 2:19 | Create | Villager (Male) |
| 2:47 | Create | Villager (Male) |
| 3:02 | Create | Villager (Male) |
| 3:22 | Create | Villager (Male) |
| 3:34 | Build | House |
| 3:44 | Create | Villager (Male) |
| 4:16 | Build | Mill |
| 4:21 | Create | Villager (Male) |
| 4:24 | Create | Villager (Male) |
| 4:48 | Build | House |
| 5:17 | Create | Villager (Male) |
| 5:35 | Create | Villager (Male) |
| 5:50 | Create | Villager (Male) |
| 5:54 | Create | Villager (Male) |
| 6:03 | Build | Farm |
| 6:19 | Create | Villager (Male) |
| 6:23 | Build | Farm |
| 6:30 | Create | Villager (Male) |
| 7:01 | Create | Villager (Male) |
| 7:18 | Build | Farm |
| 8:03 | Build | Mining Camp |
| 8:04 | Create | Villager (Male) |
| 8:06 | Research | Feudal Age |
| 8:22 | Build | Farm |
| 8:56 | Build | House |
| 9:58 | Create | Villager (Male) |
| 9:59 | Create | Villager (Male) |
| 10:57 | Age | Feudal Age |
| 10:59 | Build | Blacksmith |
| 11:00 | Build | Market |
| 11:52 | Research | Castle Age |
| 12:00 | Build | Lumber Camp |
| 12:03 | Research | Double-Bit Axe |
| 12:47 | Build | Barracks |
| 13:37 | Create | Villager (Male) |
| 13:45 | Build | Stable |
| 13:47 | Create | Spearman |
| 14:32 | Age | Castle Age |
| 14:34 | Build | House |
| 14:34 | Create | Villager (Male) |
| 14:40 | Build | Town Center |
| 14:41 | Create | Knight |
| 15:02 | Build | House |
| 15:03 | Build | House |
| 15:05 | Create | Villager (Male) |
| 15:07 | Build | Farm |
| 15:08 | Build | Farm |
| 15:12 | Build | Farm |
| 15:14 | Create | Villager (Male) |
| 15:21 | Create | Knight |
| 15:24 | Build | Farm |
| 15:25 | Build | Farm |
| 15:25 | Build | Farm |
| 15:25 | Build | Farm |
| 15:26 | Build | Farm |
| 15:26 | Build | Farm |
| 15:47 | Build | Farm |
| 15:48 | Create | Villager (Male) |
| 16:07 | Create | Villager (Male) |
| 16:09 | Build | Farm |
| 16:12 | Build | Farm |
| 16:33 | Create | Villager (Male) |
| 16:59 | Create | Villager (Male) |
| 17:00 | Create | Villager (Male) |
| 17:17 | Create | Villager (Male) |
| 17:19 | Create | Knight |
| 17:19 | Create | Knight |
| 17:22 | Build | Farm |
| 17:24 | Build | Farm |
| 17:49 | Build | Farm |
| 17:59 | Create | Villager (Male) |
| 17:59 | Create | Villager (Male) |
| 18:04 | Build | Farm |
| 18:05 | Create | Villager (Male) |
| 18:09 | Build | Town Center |
| 18:18 | Create | Knight |
| 18:22 | Create | Villager (Male) |
| 18:30 | Research | Wheelbarrow |
| 18:31 | Create | Villager (Male) |
| 18:44 | Create | Villager (Male) |
| 18:56 | Research | Bow Saw |
| 19:08 | Create | Knight |
| 19:10 | Create | Villager (Male) |
| 19:17 | Build | Farm |
| 19:19 | Build | Farm |
| 19:37 | Create | Villager (Male) |
| 19:52 | Build | Monastery |
| 19:53 | Create | Villager (Male) |
| 19:55 | Create | Villager (Male) |
| 19:59 | Build | Farm |
| 19:59 | Build | Farm |
| 19:59 | Build | Farm |
| 20:01 | Build | Farm |
| 20:01 | Build | Farm |
| 20:02 | Build | Farm |
| 20:02 | Build | Farm |
| 20:02 | Build | Farm |
| 20:03 | Build | Farm |
| 20:03 | Build | Farm |
| 20:03 | Build | Farm |
| 20:03 | Build | Farm |
| 20:12 | Create | Villager (Male) |
| 20:12 | Create | Villager (Male) |
| 20:26 | Build | Farm |
| 20:27 | Create | Villager (Male) |
| 20:27 | Create | Villager (Male) |
| 20:36 | Research | Scale Barding Armor |
| 20:41 | Create | Monk |
| 20:44 | Build | Farm |
| 20:51 | Create | Villager (Male) |
| 21:01 | Build | Stable |
| 21:08 | Create | Villager (Male) |
| 21:13 | Research | Loom |
| 21:18 | Build | House |
| 21:19 | Build | House |
| 21:20 | Build | House |
| 21:21 | Build | House |
| 21:36 | Research | Husbandry |
| 21:58 | Create | Knight |
| 21:59 | Create | Knight |
| 21:59 | Create | Knight |
| 22:01 | Create | Villager (Male) |
| 22:04 | Build | Farm |
| 22:05 | Build | Farm |
| 22:09 | Build | Farm |
| 22:09 | Build | Farm |
| 22:09 | Build | Farm |
| 22:10 | Build | Farm |
| 22:10 | Build | Farm |
| 22:12 | Create | Villager (Male) |
| 22:12 | Create | Villager (Male) |
| 22:17 | Create | Knight |
| 22:33 | Build | Stable |
| 22:34 | Build | Stable |
| 22:34 | Create | Villager (Male) |
| 22:45 | Research | Chain Barding Armor |
| 23:01 | Build | Farm |
| 23:03 | Build | Farm |
| 23:03 | Create | Villager (Male) |
| 23:04 | Create | Villager (Male) |
Build order — Nubsinc
First 150 of 173 actions detected
| 0:01 | Create | Villager (Male) |
| 0:01 | Create | Villager (Male) |
| 0:02 | Create | Villager (Male) |
| 0:02 | Create | Villager (Male) |
| 0:05 | Build | House |
| 0:07 | Build | House |
| 1:23 | Create | Villager (Male) |
| 2:15 | Create | Villager (Male) |
| 2:15 | Create | Villager (Male) |
| 2:41 | Create | Villager (Male) |
| 2:51 | Build | Settlement |
| 3:08 | Create | Villager (Male) |
| 3:08 | Create | Villager (Male) |
| 3:53 | Create | Villager (Male) |
| 3:53 | Create | Villager (Male) |
| 4:19 | Create | Villager (Male) |
| 4:40 | Create | Villager (Male) |
| 5:14 | Build | Settlement |
| 6:12 | Build | Settlement |
| 6:15 | Create | Villager (Male) |
| 6:16 | Create | Villager (Male) |
| 6:21 | Create | Villager (Male) |
| 6:43 | Create | Villager (Male) |
| 6:59 | Create | Villager (Male) |
| 7:51 | Create | Villager (Male) |
| 7:54 | Create | Villager (Male) |
| 7:54 | Research | Loom |
| 8:03 | Build | Farm |
| 8:24 | Build | Farm |
| 9:11 | Research | Feudal Age |
| 10:17 | Create | Villager (Male) |
| 10:17 | Create | Villager (Male) |
| 11:26 | Build | Market |
| 11:31 | Build | Blacksmith |
| 12:37 | Research | Castle Age |
| 13:05 | Research | Horse Collar |
| 13:11 | Build | Farm |
| 13:16 | Build | Farm |
| 13:34 | Build | Farm |
| 13:41 | Research | Double-Bit Axe |
| 14:08 | Build | Farm |
| 14:14 | Build | Farm |
| 14:24 | Build | Farm |
| 14:53 | Create | Villager (Male) |
| 15:21 | Build | Castle |
| 15:24 | Create | Villager (Male) |
| 15:24 | Create | Villager (Male) |
| 15:24 | Create | Villager (Male) |
| 15:50 | Build | Farm |
| 15:52 | Create | Villager (Male) |
| 16:15 | Build | Farm |
| 16:18 | Create | Villager (Male) |
| 16:24 | Create | Villager (Male) |
| 16:50 | Create | Villager (Male) |
| 16:54 | Build | Farm |
| 16:56 | Create | Villager (Male) |
| 17:14 | Build | Farm |
| 17:22 | Build | Town Center |
| 17:33 | Create | Kamayuk |
| 17:33 | Create | Kamayuk |
| 17:33 | Create | Kamayuk |
| 17:33 | Create | Kamayuk |
| 17:34 | Create | Kamayuk |
| 17:37 | Build | Farm |
| 17:46 | Create | Kamayuk |
| 18:01 | Create | Villager (Male) |
| 18:09 | Create | Kamayuk |
| 18:16 | Build | Farm |
| 18:34 | Create | Villager (Male) |
| 18:34 | Create | Villager (Male) |
| 18:45 | Create | Kamayuk |
| 18:48 | Build | Farm |
| 18:59 | Create | Villager (Male) |
| 19:09 | Build | Farm |
| 19:12 | Create | Villager (Male) |
| 19:20 | Create | Villager (Male) |
| 19:26 | Create | Villager (Male) |
| 19:35 | Build | Farm |
| 19:37 | Create | Villager (Male) |
| 19:48 | Create | Kamayuk |
| 19:49 | Create | Kamayuk |
| 19:49 | Create | Kamayuk |
| 19:58 | Create | Petard |
| 20:05 | Create | Petard |
| 20:12 | Build | Farm |
| 20:14 | Create | Villager (Male) |
| 20:23 | Build | Town Center |
| 20:30 | Create | Villager (Male) |
| 20:54 | Create | Kamayuk |
| 20:55 | Create | Kamayuk |
| 20:55 | Create | Kamayuk |
| 20:55 | Create | Kamayuk |
| 22:07 | Create | Villager (Male) |
| 22:08 | Create | Villager (Male) |
| 22:11 | Build | Farm |
| 22:14 | Build | Farm |
| 22:16 | Create | Villager (Male) |
| 22:32 | Create | Kamayuk |
| 22:32 | Create | Kamayuk |
| 22:32 | Create | Kamayuk |
| 22:33 | Create | Kamayuk |
| 22:33 | Create | Kamayuk |
| 22:34 | Create | Villager (Male) |
| 22:34 | Create | Villager (Male) |
| 22:35 | Create | Villager (Male) |
| 22:38 | Create | Villager (Male) |
| 22:42 | Build | Farm |
| 22:47 | Build | Farm |
| 22:47 | Build | Farm |
| 22:47 | Build | Farm |
| 22:47 | Build | Farm |
| 22:51 | Create | Villager (Male) |
| 23:01 | Create | Kamayuk |
| 23:03 | Create | Villager (Male) |
| 23:10 | Build | Farm |
| 23:13 | Create | Villager (Male) |
| 23:30 | Build | Farm |
| 23:35 | Build | Farm |
| 23:37 | Build | Farm |
| 23:41 | Create | Villager (Male) |
| 23:43 | Research | Scale Mail Armor |
| 23:50 | Build | House |
| 23:52 | Build | House |
| 23:52 | Build | House |
| 23:56 | Research | Bow Saw |
| 24:52 | Create | Villager (Male) |
| 24:52 | Create | Villager (Male) |
| 24:54 | Build | Farm |
| 24:57 | Build | Farm |
| 25:00 | Create | Villager (Male) |
| 25:02 | Create | Villager (Male) |
| 25:03 | Create | Villager (Male) |
| 25:29 | Create | Kamayuk |
| 25:29 | Create | Kamayuk |
| 25:29 | Create | Kamayuk |
| 25:29 | Create | Kamayuk |
| 25:30 | Create | Kamayuk |
| 25:30 | Create | Kamayuk |
| 25:30 | Create | Kamayuk |
| 25:30 | Create | Kamayuk |
| 25:31 | Create | Villager (Male) |
| 25:32 | Create | Villager (Male) |
| 25:32 | Create | Villager (Male) |
| 25:32 | Create | Villager (Male) |
| 25:36 | Build | Farm |
| 25:43 | Research | Wheelbarrow |
| 25:46 | Build | Farm |
| 25:48 | Create | Villager (Male) |
| 26:53 | Create | Villager (Male) |
| 26:53 | Create | Villager (Male) |
Build order — Fs.JonyBravo
First 150 of 242 actions detected
| 0:01 | Create | Villager (Male) |
| 0:01 | Create | Villager (Male) |
| 0:02 | Create | Villager (Male) |
| 0:02 | Create | Villager (Male) |
| 0:02 | Create | Villager (Male) |
| 0:04 | Build | House |
| 0:05 | Build | House |
| 1:25 | Create | Villager (Male) |
| 1:25 | Create | Villager (Male) |
| 1:59 | Create | Villager (Male) |
| 1:59 | Create | Villager (Male) |
| 2:26 | Build | Lumber Camp |
| 2:28 | Create | Villager (Male) |
| 2:28 | Create | Villager (Male) |
| 2:37 | Create | Villager (Male) |
| 3:04 | Create | Villager (Male) |
| 3:05 | Create | Villager (Male) |
| 3:31 | Create | Villager (Male) |
| 4:03 | Create | Villager (Male) |
| 4:04 | Create | Villager (Male) |
| 4:19 | Build | House |
| 4:28 | Create | Villager (Male) |
| 4:28 | Create | Villager (Male) |
| 4:41 | Research | Loom |
| 4:42 | Research | Loom |
| 4:42 | Create | Villager (Male) |
| 4:42 | Create | Villager (Male) |
| 5:04 | Create | Villager (Male) |
| 5:04 | Create | Villager (Male) |
| 5:25 | Create | Villager (Male) |
| 5:25 | Create | Villager (Male) |
| 5:30 | Create | Villager (Male) |
| 5:30 | Create | Villager (Male) |
| 5:37 | Build | Mill |
| 5:54 | Create | Villager (Male) |
| 5:54 | Create | Villager (Male) |
| 6:12 | Create | Villager (Male) |
| 6:12 | Create | Villager (Male) |
| 6:22 | Create | Villager (Male) |
| 6:22 | Create | Villager (Male) |
| 6:27 | Build | House |
| 6:32 | Build | House |
| 7:10 | Create | Villager (Male) |
| 7:11 | Create | Villager (Male) |
| 7:11 | Create | Villager (Male) |
| 7:11 | Create | Villager (Male) |
| 7:18 | Build | Mining Camp |
| 8:14 | Create | Villager (Male) |
| 8:14 | Create | Villager (Male) |
| 8:15 | Create | Villager (Male) |
| 8:36 | Create | Villager (Male) |
| 8:36 | Create | Villager (Male) |
| 8:37 | Create | Villager (Male) |
| 8:44 | Build | House |
| 9:22 | Create | Villager (Male) |
| 9:28 | Build | Mining Camp |
| 9:41 | Create | Villager (Male) |
| 10:03 | Create | Villager (Male) |
| 10:13 | Research | Feudal Age |
| 10:21 | Build | Farm |
| 10:25 | Build | Farm |
| 10:29 | Build | Farm |
| 10:32 | Build | Farm |
| 12:19 | Create | Villager (Male) |
| 12:19 | Create | Villager (Male) |
| 13:32 | Age | Feudal Age |
| 13:34 | Create | Villager (Male) |
| 13:35 | Create | Villager (Male) |
| 13:40 | Build | Market |
| 13:44 | Build | Blacksmith |
| 13:48 | Build | Blacksmith |
| 14:29 | Research | Castle Age |
| 14:30 | Research | Castle Age |
| 14:46 | Research | Horse Collar |
| 14:47 | Research | Horse Collar |
| 15:07 | Build | House |
| 15:34 | Research | Double-Bit Axe |
| 15:34 | Research | Double-Bit Axe |
| 17:09 | Age | Castle Age |
| 17:12 | Build | Town Center |
| 17:14 | Create | Villager (Male) |
| 17:15 | Build | Town Center |
| 17:24 | Build | Town Center |
| 17:32 | Create | Villager (Male) |
| 17:47 | Create | Villager (Male) |
| 17:48 | Create | Villager (Male) |
| 17:58 | Create | Villager (Male) |
| 18:06 | Create | Villager (Male) |
| 18:06 | Create | Villager (Male) |
| 18:11 | Build | Castle |
| 18:16 | Build | Farm |
| 18:28 | Create | Villager (Male) |
| 18:33 | Create | Villager (Male) |
| 18:35 | Create | Villager (Male) |
| 18:37 | Create | Villager (Male) |
| 18:43 | Create | Villager (Male) |
| 18:44 | Create | Villager (Male) |
| 18:49 | Build | Farm |
| 18:53 | Build | Farm |
| 18:54 | Build | Farm |
| 18:58 | Build | Farm |
| 19:01 | Create | Villager (Male) |
| 19:02 | Create | Villager (Male) |
| 19:26 | Create | Villager (Male) |
| 19:31 | Create | Villager (Male) |
| 19:33 | Create | Villager (Male) |
| 19:34 | Create | Villager (Male) |
| 19:45 | Create | Villager (Male) |
| 19:45 | Create | Villager (Male) |
| 19:54 | Build | Farm |
| 20:00 | Research | Heavy Plow |
| 20:03 | Create | Villager (Male) |
| 20:03 | Create | Villager (Male) |
| 20:11 | Create | Villager (Male) |
| 20:25 | Build | Farm |
| 20:28 | Build | Farm |
| 20:31 | Build | Farm |
| 20:32 | Create | Villager (Male) |
| 20:40 | Create | Conquistador |
| 20:41 | Create | Conquistador |
| 20:52 | Create | Conquistador |
| 20:52 | Create | Conquistador |
| 20:54 | Create | Villager (Male) |
| 21:04 | Create | Villager (Male) |
| 21:04 | Create | Villager (Male) |
| 21:12 | Create | Villager (Male) |
| 21:30 | Create | Villager (Male) |
| 21:43 | Build | Siege Workshop |
| 21:51 | Create | Conquistador |
| 21:51 | Create | Conquistador |
| 22:01 | Create | Villager (Male) |
| 22:10 | Build | Farm |
| 22:11 | Build | Farm |
| 22:13 | Build | Farm |
| 22:17 | Create | Conquistador |
| 22:17 | Create | Conquistador |
| 22:26 | Create | Villager (Male) |
| 22:40 | Create | Conquistador |
| 22:41 | Create | Conquistador |
| 22:49 | Create | Villager (Male) |
| 22:57 | Create | Mangonel |
| 23:01 | Build | House |
| 23:05 | Create | Villager (Male) |
| 23:09 | Build | Farm |
| 23:10 | Build | Farm |
| 23:11 | Build | Farm |
| 23:15 | Create | Conquistador |
| 23:16 | Create | Conquistador |
| 23:23 | Create | Conquistador |
| 23:24 | Create | Conquistador |
Build order — Monsoon Neutralizer
First 150 of 230 actions detected
| 0:02 | Create | Villager (Male) |
| 0:02 | Create | Villager (Male) |
| 0:02 | Create | Villager (Male) |
| 0:04 | Build | House |
| 0:05 | Build | House |
| 0:09 | Create | Villager (Male) |
| 0:09 | Create | Villager (Male) |
| 0:59 | Build | Lumber Camp |
| 1:38 | Create | Villager (Male) |
| 2:07 | Create | Villager (Male) |
| 2:07 | Create | Villager (Male) |
| 2:25 | Create | Villager (Male) |
| 3:02 | Create | Villager (Male) |
| 3:02 | Create | Villager (Male) |
| 3:02 | Create | Villager (Male) |
| 3:19 | Build | House |
| 3:24 | Create | Villager (Male) |
| 3:24 | Create | Villager (Male) |
| 3:54 | Build | Mill |
| 3:58 | Create | Villager (Male) |
| 3:58 | Create | Villager (Male) |
| 4:02 | Create | Villager (Male) |
| 4:50 | Create | Villager (Male) |
| 4:55 | Create | Villager (Male) |
| 5:01 | Create | Villager (Male) |
| 5:01 | Create | Villager (Male) |
| 5:31 | Build | House |
| 5:40 | Create | Villager (Male) |
| 6:03 | Create | Villager (Male) |
| 6:29 | Create | Villager (Male) |
| 6:34 | Create | Villager (Male) |
| 6:46 | Create | Villager (Male) |
| 6:51 | Create | Villager (Male) |
| 7:32 | Create | Villager (Male) |
| 7:38 | Build | House |
| 7:56 | Build | Farm |
| 8:07 | Create | Villager (Male) |
| 8:12 | Build | Mining Camp |
| 8:13 | Create | Villager (Male) |
| 8:33 | Create | Villager (Male) |
| 8:37 | Create | Villager (Male) |
| 8:57 | Create | Villager (Male) |
| 9:12 | Build | Lumber Camp |
| 9:16 | Build | House |
| 9:23 | Research | Feudal Age |
| 9:43 | Build | Farm |
| 9:55 | Build | Farm |
| 11:23 | Create | Villager (Male) |
| 11:33 | Age | Feudal Age |
| 11:42 | Build | Market |
| 11:50 | Research | Horse Collar |
| 11:52 | Create | Villager (Male) |
| 11:56 | Build | Blacksmith |
| 12:16 | Build | Farm |
| 12:24 | Create | Villager (Male) |
| 12:57 | Research | Castle Age |
| 12:57 | Research | Castle Age |
| 12:57 | Research | Castle Age |
| 13:02 | Build | Farm |
| 14:06 | Research | Gold Mining |
| 14:09 | Research | Double-Bit Axe |
| 14:19 | Create | Villager (Male) |
| 15:13 | Build | Farm |
| 15:36 | Create | Villager (Male) |
| 15:37 | Age | Castle Age |
| 15:41 | Build | House |
| 15:46 | Build | Monastery |
| 15:48 | Create | Villager (Male) |
| 16:02 | Create | Villager (Male) |
| 16:07 | Build | Town Center |
| 16:22 | Build | Siege Workshop |
| 16:27 | Build | House |
| 16:40 | Research | Bow Saw |
| 16:42 | Create | Villager (Male) |
| 16:46 | Create | Monk |
| 17:13 | Create | Villager (Male) |
| 17:15 | Create | Battering Ram |
| 17:16 | Create | Battering Ram |
| 17:16 | Create | Battering Ram |
| 17:24 | Create | Villager (Male) |
| 17:37 | Build | Palisade Wall |
| 17:41 | Build | Palisade Wall |
| 17:44 | Build | Palisade Wall |
| 17:49 | Create | Villager (Male) |
| 17:49 | Create | Villager (Male) |
| 17:54 | Create | Battering Ram |
| 18:03 | Research | Loom |
| 18:05 | Create | Villager (Male) |
| 18:10 | Research | Loom |
| 18:15 | Create | Battering Ram |
| 18:24 | Create | Villager (Male) |
| 18:28 | Create | Battering Ram |
| 18:31 | Build | House |
| 18:52 | Create | Villager (Male) |
| 19:02 | Build | Farm |
| 19:03 | Build | Farm |
| 19:07 | Build | Farm |
| 19:20 | Build | Farm |
| 19:21 | Build | Farm |
| 19:23 | Build | Farm |
| 19:30 | Create | Villager (Male) |
| 19:30 | Create | Villager (Male) |
| 19:46 | Create | Battering Ram |
| 20:04 | Create | Villager (Male) |
| 20:06 | Create | Villager (Male) |
| 20:06 | Create | Villager (Male) |
| 20:08 | Build | Farm |
| 20:10 | Build | Farm |
| 20:12 | Build | Farm |
| 20:14 | Create | Villager (Male) |
| 20:14 | Create | Villager (Male) |
| 20:18 | Build | House |
| 20:19 | Build | House |
| 20:53 | Create | Villager (Male) |
| 20:54 | Create | Villager (Male) |
| 20:54 | Create | Villager (Male) |
| 20:54 | Create | Villager (Male) |
| 20:54 | Create | Villager (Male) |
| 21:00 | Build | Town Center |
| 21:29 | Create | Villager (Male) |
| 21:29 | Create | Villager (Male) |
| 21:30 | Create | Villager (Male) |
| 21:37 | Build | Lumber Camp |
| 21:59 | Create | Mangonel |
| 22:01 | Create | Villager (Male) |
| 22:02 | Create | Villager (Male) |
| 22:03 | Build | Farm |
| 22:13 | Create | Monk |
| 22:17 | Create | Villager (Male) |
| 22:17 | Create | Villager (Male) |
| 22:17 | Create | Villager (Male) |
| 22:24 | Create | Scorpion |
| 22:24 | Create | Scorpion |
| 22:24 | Create | Scorpion |
| 22:25 | Create | Scorpion |
| 22:25 | Create | Scorpion |
| 22:25 | Create | Scorpion |
| 22:52 | Create | Villager (Male) |
| 22:52 | Create | Villager (Male) |
| 22:52 | Create | Villager (Male) |
| 22:54 | Build | Farm |
| 22:54 | Build | Farm |
| 22:55 | Build | Farm |
| 22:55 | Build | Farm |
| 22:58 | Build | Farm |
| 23:05 | Create | Villager (Male) |
| 23:06 | Create | Villager (Male) |
| 23:06 | Create | Villager (Male) |
| 23:10 | Build | House |
| 23:11 | Build | House |
Build order — Sergio
119 actions detected in the replay
| 0:02 | Build | House |
| 0:03 | Build | House |
| 0:04 | Create | Villager (Male) ×4 |
| 0:04 | Create | Villager (Male) ×4 |
| 1:37 | Create | Villager (Male) |
| 1:37 | Create | Villager (Male) |
| 1:48 | Build | Lumber Camp |
| 2:08 | Create | Villager (Male) |
| 2:09 | Create | Villager (Male) |
| 2:16 | Build | House |
| 2:17 | Build | House |
| 2:34 | Create | Villager (Male) |
| 2:35 | Create | Villager (Male) |
| 3:01 | Create | Villager (Male) ×2 |
| 3:01 | Create | Villager (Male) ×2 |
| 3:36 | Build | House |
| 3:40 | Create | Villager (Male) |
| 3:40 | Create | Villager (Male) |
| 4:26 | Create | Villager (Male) ×2 |
| 4:26 | Create | Villager (Male) ×2 |
| 4:54 | Build | Mill |
| 5:10 | Create | Villager (Male) |
| 5:10 | Create | Villager (Male) |
| 5:45 | Create | Villager (Male) ×2 |
| 5:45 | Create | Villager (Male) ×2 |
| 6:14 | Build | Lumber Camp |
| 6:18 | Create | Villager (Male) |
| 6:18 | Create | Villager (Male) |
| 6:18 | Create | Villager (Male) |
| 6:19 | Create | Villager (Male) |
| 6:50 | Build | Farm |
| 6:53 | Create | Villager (Male) |
| 6:53 | Create | Villager (Male) |
| 7:12 | Build | Farm |
| 8:01 | Build | Mining Camp |
| 8:32 | Create | Villager (Male) |
| 8:32 | Create | Villager (Male) |
| 8:43 | Build | Mining Camp |
| 9:25 | Research | Feudal Age |
| 9:25 | Research | Feudal Age |
| 11:29 | Create | Villager (Male) |
| 11:30 | Create | Villager (Male) |
| 11:40 | Age | Feudal Age |
| 11:42 | Build | Market |
| 11:49 | Build | Blacksmith |
| 12:10 | Build | Farm |
| 12:13 | Build | Farm |
| 12:26 | Create | Villager (Male) |
| 12:31 | Build | House |
| 12:41 | Build | Farm |
| 12:45 | Research | Castle Age |
| 12:45 | Research | Castle Age |
| 14:20 | Research | Double-Bit Axe |
| 14:23 | Build | House |
| 14:24 | Build | House |
| 14:43 | Research | Loom |
| 14:43 | Create | Villager (Male) |
| 14:51 | Build | House |
| 15:28 | Create | Villager (Male) |
| 15:35 | Age | Castle Age |
| 16:07 | Build | University |
| 16:32 | Build | Castle |
| 16:39 | Build | House |
| 16:44 | Build | Palisade Wall |
| 16:53 | Build | Palisade Wall |
| 17:05 | Create | Villager (Male) |
| 17:06 | Create | Villager (Male) |
| 17:46 | Create | Villager (Male) |
| 18:00 | Build | Farm |
| 18:01 | Build | Farm |
| 18:01 | Build | Farm |
| 18:02 | Build | Farm |
| 18:21 | Build | Mining Camp |
| 18:43 | Research | Imperial Age |
| 18:43 | Research | Imperial Age |
| 19:14 | Build | Siege Workshop |
| 19:43 | Create | Genoese Crossbowman |
| 20:09 | Create | Mangonel |
| 20:13 | Build | House |
| 20:15 | Create | Petard |
| 20:17 | Build | House |
| 20:24 | Build | Palisade Wall |
| 20:38 | Build | House |
| 20:40 | Build | Palisade Wall |
| 21:08 | Build | House |
| 21:32 | Create | Mangonel |
| 21:48 | Build | Siege Workshop |
| 21:53 | Age | Imperial Age |
| 21:59 | Create | Villager (Male) |
| 21:59 | Create | Villager (Male) |
| 22:06 | Research | Chemistry |
| 22:06 | Research | Chemistry |
| 22:18 | Build | Siege Workshop |
| 22:34 | Build | House |
| 22:41 | Create | Mangonel |
| 22:41 | Create | Mangonel |
| 22:43 | Build | House |
| 22:46 | Create | Villager (Male) |
| 22:46 | Create | Villager (Male) |
| 22:46 | Create | Villager (Male) |
| 22:57 | Build | Palisade Wall |
| 23:07 | Build | House |
| 23:14 | Create | Villager (Male) |
| 23:14 | Create | Villager (Male) |
| 23:33 | Build | House |
| 23:43 | Build | House |
| 24:11 | Build | Palisade Wall |
| 24:19 | Create | Villager (Male) |
| 24:22 | Create | Bombard Cannon |
| 24:41 | Build | Siege Workshop |
| 25:03 | Create | Bombard Cannon |
| 25:03 | Create | Bombard Cannon |
| 25:30 | Create | Villager (Male) |
| 25:30 | Create | Villager (Male) |
| 25:30 | Create | Villager (Male) |
| 25:51 | Build | Lumber Camp |
| 26:02 | Build | House |
| 26:16 | Build | House |
| 26:18 | Build | House |
Build order — Tenziki
First 150 of 164 actions detected
| 0:00 | Create | Villager (Male) |
| 0:01 | Create | Villager (Male) |
| 0:02 | Build | House |
| 0:03 | Build | House |
| 0:07 | Create | Villager (Male) |
| 0:07 | Create | Villager (Male) |
| 1:10 | Create | Villager (Male) |
| 1:49 | Build | Lumber Camp |
| 1:51 | Create | Villager (Male) |
| 2:08 | Create | Villager (Male) |
| 2:44 | Create | Villager (Male) |
| 3:08 | Build | House |
| 3:11 | Create | Villager (Male) |
| 3:29 | Create | Villager (Male) |
| 3:32 | Create | Villager (Male) |
| 3:39 | Build | House |
| 3:50 | Create | Villager (Male) |
| 4:02 | Create | Villager (Male) |
| 4:10 | Build | House |
| 4:24 | Create | Villager (Male) |
| 4:25 | Create | Villager (Male) |
| 4:56 | Create | Villager (Male) |
| 5:02 | Create | Villager (Male) |
| 5:13 | Create | Villager (Male) |
| 5:41 | Build | House |
| 5:47 | Create | Villager (Male) |
| 5:49 | Create | Villager (Male) |
| 6:03 | Create | Villager (Male) |
| 6:03 | Create | Villager (Male) |
| 6:15 | Build | Lumber Camp |
| 7:01 | Build | Mill |
| 7:23 | Create | Villager (Male) |
| 7:28 | Create | Villager (Male) |
| 7:31 | Create | Villager (Male) |
| 7:38 | Create | Villager (Male) |
| 7:56 | Build | Farm |
| 8:03 | Build | Farm |
| 8:10 | Create | Villager (Male) |
| 8:19 | Build | Farm |
| 8:26 | Build | Farm |
| 8:37 | Create | Villager (Male) |
| 8:40 | Create | Villager (Male) |
| 8:47 | Create | Villager (Male) |
| 9:01 | Build | Mining Camp |
| 9:18 | Create | Villager (Male) |
| 9:29 | Create | Villager (Male) |
| 9:51 | Build | Mining Camp |
| 10:00 | Research | Feudal Age |
| 11:48 | Create | Villager (Male) |
| 11:48 | Create | Villager (Male) |
| 12:11 | Age | Feudal Age |
| 12:17 | Build | Market |
| 12:21 | Build | Blacksmith |
| 13:07 | Research | Castle Age |
| 13:29 | Build | Mining Camp |
| 13:37 | Build | Mining Camp |
| 13:43 | Create | Villager (Male) |
| 14:22 | Build | House |
| 14:23 | Build | House |
| 14:56 | Research | Horse Collar |
| 15:35 | Create | Villager (Male) |
| 15:35 | Create | Villager (Male) |
| 15:46 | Create | Villager (Male) |
| 15:47 | Age | Castle Age |
| 16:18 | Build | Castle |
| 16:19 | Create | Villager (Male) |
| 16:27 | Create | Villager (Male) |
| 16:32 | Create | Villager (Male) |
| 16:54 | Build | Castle |
| 17:08 | Build | Mining Camp |
| 17:20 | Build | Farm |
| 17:28 | Create | Villager (Male) |
| 17:47 | Create | Villager (Male) |
| 18:00 | Create | Villager (Male) |
| 18:10 | Create | Villager (Male) |
| 18:26 | Create | Villager (Male) |
| 18:32 | Create | Arambai |
| 18:32 | Create | Arambai |
| 18:44 | Create | Arambai |
| 18:54 | Create | Arambai |
| 18:59 | Create | Arambai |
| 19:06 | Create | Arambai |
| 19:09 | Research | Padded Archer Armor |
| 19:14 | Build | Farm |
| 19:24 | Build | Farm |
| 19:28 | Create | Arambai |
| 19:34 | Create | Arambai |
| 19:43 | Create | Arambai |
| 19:56 | Create | Arambai |
| 20:13 | Create | Arambai |
| 20:22 | Create | Arambai |
| 20:26 | Build | Barracks |
| 20:34 | Create | Arambai |
| 20:35 | Create | Arambai |
| 20:51 | Build | Farm |
| 20:57 | Create | Arambai |
| 20:58 | Create | Arambai |
| 21:06 | Research | Fletching |
| 21:16 | Create | Arambai |
| 21:21 | Create | Arambai |
| 21:59 | Create | Arambai |
| 21:59 | Create | Arambai |
| 22:01 | Create | Arambai |
| 22:07 | Build | Stable |
| 22:09 | Create | Arambai |
| 22:24 | Create | Villager (Male) |
| 22:28 | Create | Arambai |
| 22:28 | Create | Arambai |
| 22:48 | Create | Arambai |
| 22:55 | Create | Arambai |
| 23:06 | Research | Bloodlines |
| 23:07 | Research | Husbandry |
| 23:07 | Research | Husbandry |
| 23:07 | Create | Arambai |
| 23:10 | Create | Villager (Male) |
| 23:30 | Create | Arambai |
| 23:46 | Create | Arambai |
| 23:46 | Create | Arambai |
| 23:53 | Build | Farm |
| 23:54 | Create | Villager (Male) |
| 23:54 | Create | Villager (Male) |
| 24:04 | Create | Arambai |
| 24:04 | Create | Arambai |
| 24:34 | Create | Arambai |
| 24:35 | Create | Arambai |
| 24:46 | Build | Palisade Wall |
| 24:50 | Create | Arambai |
| 25:01 | Create | Arambai |
| 25:03 | Create | Villager (Male) |
| 25:11 | Build | House |
| 25:12 | Build | House |
| 25:12 | Build | House |
| 25:13 | Build | House |
| 26:42 | Create | Arambai |
| 26:42 | Create | Arambai |
| 26:43 | Create | Arambai |
| 26:43 | Create | Arambai |
| 26:43 | Create | Arambai |
| 26:45 | Create | Villager (Male) |
| 26:46 | Research | Wheelbarrow |
| 26:46 | Research | Town Watch |
| 26:46 | Create | Villager (Male) |
| 26:47 | Create | Villager (Male) |
| 26:53 | Build | House |
| 26:53 | Build | House |
| 27:03 | Create | Arambai |
| 27:03 | Create | Arambai |
| 27:03 | Create | Arambai |
| 27:25 | Create | Arambai |
| 27:25 | Create | Arambai |
Build order — | ArCas |SirLaPonia
109 actions detected in the replay
| 0:03 | Create | Villager (Male) |
| 0:05 | Build | House |
| 0:07 | Build | House |
| 0:12 | Create | Villager (Male) |
| 0:18 | Create | Villager (Male) |
| 1:07 | Create | Villager (Male) |
| 1:07 | Create | Villager (Male) |
| 1:07 | Create | Villager (Male) |
| 1:07 | Create | Villager (Male) |
| 1:43 | Create | Villager (Male) |
| 1:44 | Create | Villager (Male) |
| 1:44 | Create | Villager (Male) |
| 1:55 | Build | Settlement |
| 2:06 | Create | Villager (Male) |
| 2:06 | Create | Villager (Male) |
| 2:44 | Create | Villager (Male) |
| 3:24 | Create | Villager (Male) |
| 4:11 | Create | Villager (Male) |
| 4:20 | Create | Villager (Male) |
| 4:56 | Create | Villager (Male) |
| 5:01 | Create | Villager (Male) |
| 5:01 | Create | Villager (Male) |
| 5:02 | Create | Villager (Male) |
| 5:02 | Create | Villager (Male) |
| 5:07 | Build | Settlement |
| 6:23 | Create | Villager (Male) |
| 6:47 | Create | Villager (Male) |
| 7:08 | Create | Villager (Male) |
| 7:43 | Create | Villager (Male) |
| 7:43 | Research | Loom |
| 8:15 | Research | Feudal Age |
| 8:47 | Create | Villager (Male) |
| 8:47 | Create | Villager (Male) |
| 10:05 | Build | Settlement |
| 10:56 | Age | Feudal Age |
| 10:59 | Build | Market |
| 11:04 | Build | Blacksmith |
| 11:57 | Research | Castle Age |
| 11:57 | Research | Castle Age |
| 11:58 | Research | Castle Age |
| 12:06 | Build | Farm |
| 12:13 | Build | Farm |
| 13:26 | Build | Barracks |
| 13:36 | Research | Horse Collar |
| 13:38 | Research | Double-Bit Axe |
| 13:42 | Build | Farm |
| 13:43 | Build | Farm |
| 13:58 | Build | Farm |
| 13:59 | Build | Farm |
| 14:11 | Build | Farm |
| 14:18 | Create | Villager (Male) |
| 14:27 | Create | Spearman |
| 14:37 | Age | Castle Age |
| 14:59 | Build | Outpost |
| 15:00 | Create | Spearman |
| 15:14 | Build | House |
| 15:17 | Build | Farm |
| 15:46 | Build | Castle |
| 15:49 | Create | Villager (Male) |
| 16:14 | Create | Villager (Male) |
| 16:20 | Build | Farm |
| 16:35 | Build | Settlement |
| 16:38 | Create | Villager (Male) |
| 16:43 | Build | Farm |
| 16:57 | Research | Fletching |
| 17:09 | Build | Farm |
| 17:23 | Create | Unit 2579 |
| 17:24 | Create | Villager (Male) |
| 17:49 | Create | Unit 2579 |
| 17:58 | Create | Villager (Male) |
| 18:03 | Build | Farm |
| 18:17 | Build | Siege Workshop |
| 18:20 | Create | Villager (Male) |
| 18:31 | Build | Outpost |
| 18:33 | Create | Unit 2579 |
| 18:35 | Create | Villager (Male) |
| 18:49 | Build | Farm |
| 18:50 | Create | Villager (Male) |
| 19:07 | Research | Town Watch |
| 19:12 | Build | Farm |
| 19:21 | Create | Villager (Male) |
| 19:35 | Create | Mangonel |
| 19:41 | Build | Outpost |
| 19:45 | Create | Unit 2579 |
| 20:00 | Create | Unit 2579 |
| 20:03 | Create | Villager (Male) |
| 20:08 | Build | Farm |
| 20:29 | Build | Outpost |
| 20:30 | Build | House |
| 20:31 | Create | Villager (Male) |
| 20:38 | Research | Bodkin Arrow |
| 20:39 | Create | Unit 2579 |
| 20:42 | Create | Villager (Male) |
| 20:59 | Build | Outpost |
| 21:09 | Create | Villager (Male) |
| 21:10 | Create | Unit 2579 |
| 21:18 | Research | Wheelbarrow |
| 21:18 | Research | Wheelbarrow |
| 21:19 | Research | Wheelbarrow |
| 21:39 | Create | Unit 2579 |
| 22:01 | Create | Unit 2579 |
| 22:05 | Build | Farm |
| 22:06 | Create | Villager (Male) |
| 22:57 | Build | Farm |
| 23:00 | Build | House |
| 24:57 | Build | Town Center |
| 25:19 | Build | Town Center |
| 26:30 | Create | Villager (Male) |
| 26:36 | Build | Settlement |
Match timeline
| 10:56 | | ArCas |SirLaPonia · age_up feudal |
| 10:57 | LeBronLames · age_up feudal |
| 11:33 | Monsoon Neutralizer · age_up feudal |
| 11:40 | Sergio · age_up feudal |
| 11:52 | | ArCas |SirLaPonia · first_market_sell 100 stone |
| 12:11 | Tenziki · age_up feudal |
| 12:47 | What's bro yappin about? · age_up feudal |
| 12:47 | LeBronLames · first_building Barracks |
| 13:26 | | ArCas |SirLaPonia · first_building Barracks |
| 13:32 | Fs.JonyBravo · age_up feudal |
| 13:45 | LeBronLames · first_building Stable |
| 14:13 | What's bro yappin about? · first_market_sell 500 stone |
| 14:28 | Fs.JonyBravo · first_market_buy 100 food |
| 14:32 | LeBronLames · age_up castle |
| 14:37 | | ArCas |SirLaPonia · age_up castle |
| 15:03 | What's bro yappin about? · first_market_buy 100 food |
| 15:21 | Nubsinc · first_building Castle |
| 15:35 | Sergio · age_up castle |
| 15:37 | Monsoon Neutralizer · age_up castle |
| 15:46 | Monsoon Neutralizer · first_building Monastery |
| 15:46 | | ArCas |SirLaPonia · first_building Castle |
| 15:47 | Tenziki · age_up castle |
| 16:18 | Tenziki · first_building Castle |
| 16:22 | Monsoon Neutralizer · first_building Siege Workshop |
| 16:32 | Sergio · first_building Castle |
| 16:41 | Tenziki · first_market_buy 100 stone |
| 16:44 | Sergio · wall_segment Palisade Wall x1 |
| 16:45 | What's bro yappin about? · age_up castle |
| 16:53 | Sergio · wall_segment Palisade Wall x1 |
| 16:53 | What's bro yappin about? · first_building Siege Workshop |
| 17:04 | What's bro yappin about? · first_building Monastery |
| 17:09 | Fs.JonyBravo · age_up castle |
| 17:37 | Monsoon Neutralizer · wall_segment Palisade Wall x1 |
| 17:41 | Monsoon Neutralizer · wall_segment Palisade Wall x1 |
| 17:44 | Monsoon Neutralizer · wall_segment Palisade Wall x2 |
| 18:11 | Fs.JonyBravo · first_building Castle |
| 18:17 | | ArCas |SirLaPonia · first_building Siege Workshop |
| 18:26 | Sergio · first_market_sell 100 stone |
| 18:27 | Sergio · first_market_buy 100 food |
| 19:14 | Sergio · first_building Siege Workshop |
| 19:32 | | ArCas |SirLaPonia · first_market_buy 100 wood |
| 19:52 | LeBronLames · first_building Monastery |
| 20:24 | Sergio · wall_segment Palisade Wall x1 |
| 20:26 | Tenziki · first_building Barracks |
| 20:33 | Tenziki · first_market_sell 100 stone |
| 20:35 | LeBronLames · first_market_buy 100 food |
| 20:40 | Sergio · wall_segment Palisade Wall x1 |
| 20:48 | What's bro yappin about? · age_up imperial |
| 21:43 | Fs.JonyBravo · first_building Siege Workshop |
| 21:53 | Sergio · age_up imperial |
| 22:07 | Tenziki · first_building Stable |
| 22:43 | LeBronLames · first_market_sell 100 food |
| 22:57 | Sergio · wall_segment Palisade Wall x1 |
| 24:11 | Sergio · wall_segment Palisade Wall x1 |
| 24:46 | Tenziki · wall_segment Palisade Wall x12 |
| 26:00 | Fs.JonyBravo · first_building Barracks |
| 26:30 | Sergio · resign |
| 27:03 | Fs.JonyBravo · first_building Stable |
| 29:50 | Nubsinc · first_building Barracks |
[ AI ANALYSIS · 1 CREDIT ]
What really happened in this match?
Wolo.gg analyzes every decision: build order, eco, micro, common mistakes by bracket. Personalized analysis on WhatsApp or Discord in 30 seconds.
Civ guide
Turks
Map guide
Arena
Perfil
Jugador #944821